AoeStats
← SATOLEP

Arena

510004485Analyzed
4v4 RM · 3d ago on Sep 29, 2026· 46m 28s· 8 players
Game mode
Random Map
Map size
Large (8 player)
Population
200
Speed
Normal
Resources
Standard
Victory
Conquest
Starting age
Dark Age
Ending age
Imperial Age
RankedLock teamsTeams togetherTeam positionsShared explorationLock speedFull tech treeHidden civsTurbo modeCheats
Victory
Defeat
🇲🇽 Mongols · Mexico
1131
+15
🇦🇷 Franks · Argentina
1102
+16
🇲🇽 Goths · Mexico
1072
+17
🇦🇷 Saracens · Argentina
1051
+18
🇨🇴 Khmer · Colombia
1277
-22
🇨🇴 Bulgarians · Colombia
1131
-18
🇨🇴 Romans · Colombia
1012
-13
🇨🇴 Bohemians · Colombia
1005
-13
ferc13
1:54 Loom
12:33 Feudal Age
16:28 Castle Age
14:56 Horse Collar
15:38 Double-Bit Axe
18:18 Wheelbarrow
22:41 Hand Cart
26:08 Scale Mail Armor
27:05 Bow Saw
27:39 Town Watch
29:02 Chain Mail Armor
28:58 Forging
30:34 Heavy Plow
30:32 Gold Mining
31:42 Iron Casting
31:48 Anarchy
32:49 Squires
35:51 Imperial Age
33:00 Pikeman
36:00 Elite Huskarl
37:03 Conscription
36:47 Perfusion
36:19 Halberdier
38:57 Blast Furnace
41:04 Guilds
[GDL] Maldito Pantoja
9:28 Feudal Age
9:57 Loom
10:47 Wheelbarrow
10:47 Double-Bit Axe
16:13 Castle Age
15:11 Gold Mining
15:02 Horse Collar
22:27 Town Watch
23:18 Wheelbarrow
22:30 Town Watch
25:39 Heavy Plow
26:16 Gold Shaft Mining
26:41 Bow Saw
26:25 Stone Mining
28:57 Hand Cart
32:35 Imperial Age
30:07 Fletching
30:17 Padded Archer Armor
30:22 Husbandry
31:08 Bloodlines
31:49 Ballistics
31:51 Bodkin Arrow
32:12 Leather Archer Armor
32:28 Thumb Ring
34:50 Conscription
34:30 Bracer
37:04 Chemistry
37:14 Parthian Tactics
37:18 Town Patrol
37:55 Coinage
37:28 Elite Mangudai
40:31 Drill
39:36 Capped Ram
40:54 Siege Ram
42:27 Banking
que onda logi
8:11 Loom
9:56 Feudal Age
14:26 Castle Age
13:06 Double-Bit Axe
15:27 Bow Saw
19:34 Gold Mining
22:57 Husbandry
23:49 Scale Barding Armor
29:28 Forging
30:35 Wheelbarrow
29:46 Town Watch
30:40 Chain Barding Armor
30:56 Iron Casting
39:12 Imperial Age
37:26 Hand Cart
37:13 Town Patrol
39:19 Cavalier
40:36 Plate Barding Armor
40:10 Chivalry
40:46 Paladin
43:17 Blast Furnace
VeteRocha
10:28 Feudal Age
11:20 Gold Mining
11:54 Loom
14:49 Castle Age
14:44 Forging
14:34 Double-Bit Axe
16:31 Coinage
23:46 Fletching
23:48 Pikeman
24:55 Scale Mail Armor
31:43 Imperial Age
30:46 Scale Barding Armor
38:01 Bodkin Arrow
39:52 Chain Barding Armor
40:27 Elite Mameluke
craraque
10:36 Feudal Age
11:34 Double-Bit Axe
15:07 Loom
19:00 Castle Age
19:41 Wheelbarrow
29:05 Imperial Age
26:49 Pikeman
28:50 Bow Saw
28:44 Scale Mail Armor
28:55 Forging
30:27 Conscription
31:53 Chemistry
31:15 Ballistics
31:05 Elite Skirmisher
34:14 Bagains
34:13 Stirrups
37:24 Murder Holes
37:36 Siege Engineers
37:41 Masonry
36:55 Elite Konnik
38:16 Padded Archer Armor
38:07 Fletching
38:35 Chain Mail Armor
38:29 Gold Mining
Little Fox
10:41 Feudal Age
16:49 Castle Age
15:39 Double-Bit Axe
15:55 Loom
17:55 Bow Saw
23:35 Horse Collar
30:10 Imperial Age
29:54 Wheelbarrow
30:27 Chemistry
29:49 Ballistics
32:47 Hand Cart
33:12 Fletching
33:22 Padded Archer Armor
33:30 Siege Engineers
35:20 Two-Man Saw
34:16 Elite Hussite Wagon
35:42 Wagenburg Tactics
36:53 Bodkin Arrow
41:23 Bracer
41:38 Leather Archer Armor
41:06 Elite Skirmisher
43:34 Cavalier
44:15 Husbandry
44:47 Ring Archer Armor
44:27 Forging
44:23 Scale Barding Armor
albaqca
5:17 Loom
10:35 Feudal Age
15:49 Castle Age
13:57 Double-Bit Axe
14:01 Horse Collar
17:25 Bow Saw
23:43 Gold Mining
23:43 Stone Mining
24:10 Town Watch
25:06 Fletching
25:14 Stone Mining
25:40 Scale Mail Armor
26:50 Pikeman
28:32 Forging
28:17 Bodkin Arrow
28:37 Chain Mail Armor
38:38 Squires
43:40 Gold Shaft Mining
SATOLEP
8:30 Feudal Age
15:27 Castle Age
14:22 Double-Bit Axe
16:47 Gold Mining
18:09 Horse Collar
19:47 Loom
20:41 Wheelbarrow
19:54 Town Watch
26:00 Stone Mining
29:49 Imperial Age
28:31 Bloodlines
28:22 Husbandry
29:02 Hand Cart
29:26 Gold Shaft Mining
30:20 Scale Barding Armor
30:26 Forging
31:53 Tusk Swords
34:39 Chain Barding Armor
34:55 Iron Casting
34:28 Devotion
34:48 Elite Battle Elephant
35:43 Heavy Plow
36:04 Town Patrol
37:02 Bow Saw
37:24 Light Cavalry
39:26 Blast Furnace
39:02 Plate Barding Armor
41:17 Conscription
Connection lost

Rejoining the realm…

Still unreachable

The connection could not be restored.

Session expired

The server has moved on; the page needs a fresh start.